 Dungeon Crawl Stone Soup version 0.29.1-12-g30fa7ad0bf (webtiles) character file.

Game seed: 7125364393916384113

108 StoopidFlanders the Sneak (level 4, -2/36 (38) HPs)
             Began as a Gnoll Wanderer on Dec 20, 2022.
             Slain by a wight
             ... wielding a +4 war axe
              (3 damage)
             ... on level 6 of the Dungeon on Dec 21, 2022.
             The game lasted 00:09:42 (3517 turns).

StoopidFlanders the Sneak (Gnoll Wanderer)          Turns: 3517, Time: 00:09:43

HP:   -2/36 (38)    AC:  3    Str:  9    XL:     4   Next: 87%
MP:   3/11          EV: 12    Int: 14    God:
Gold: 187           SH:  0    Dex: 13    Spells: 5/13 levels left

rFire   . . .      SeeInvis .   o - +0 flail
rCold   . . .      Faith    .   (no shield)
rNeg    . . .      Spirit   .   e - +0 robe
rPois   .          Reflect  .   (no helmet)
rElec   .          Harm     .   (no cloak)
rCorr   .          Rampage  .   g - +0 pair of gloves
Will    .....                   (no boots)
Stlth   ++++......              (no amulet)
HPRegen 0.12/turn               (no ring)
MPRegen 0.12/turn               (no ring)

@: drained
A: fangs 1, strong nose, distributed training
a: no special abilities


You were on level 6 of the Dungeon.
You visited 1 branch of the dungeon, and saw 4 of its levels.

You collected 187 gold pieces.

Inventory:

Hand Weapons
 a - a +1 dagger
 o - a +0 flail (weapon)
Missiles
 b - 2 atropa-tipped darts
 c - a datura-tipped dart
 i - 13 poisoned darts (quivered)
Armour
 e - a +0 robe (worn)
 g - a +0 pair of gloves (worn)
Jewellery
 p - an amulet of the acrobat
Scrolls
 h - a scroll of summoning {unknown}
 j - 3 scrolls of identify
 l - a scroll of torment {unknown}
 m - a scroll of enchant weapon {unknown}
 t - a scroll of poison {unknown}
 u - a scroll of amnesia {unknown}
Potions
 d - a potion of berserk rage
 f - a potion of might {unknown}
 k - a potion of mutation {unknown}
 n - a potion of heal wounds {unknown}
 q - 2 potions of curing
 r - a potion of invisibility {unknown}
 s - a potion of degeneration {unknown}


   Skills:
 + Level 4.7 Fighting
 + Level 1.3 Short Blades
 + Level 1.3 Long Blades
 + Level 1.3 Axes
 + Level 1.3 Maces & Flails
 + Level 1.3 Polearms
 + Level 1.3 Staves
 + Level 1.3 Ranged Weapons
 + Level 1.3 Throwing
 + Level 1.3 Armour
 + Level 1.3 Dodging
 + Level 7.9 Stealth
 + Level 1.3 Shields
 + Level 1.3 Unarmed Combat
 + Level 5.1 Spellcasting
 + Level 1.0 Conjurations
 + Level 3.9 Hexes
 + Level 1.0 Summonings
 + Level 1.0 Necromancy
 + Level 1.0 Translocations
 + Level 1.0 Transmutations
 + Level 1.0 Fire Magic
 + Level 1.0 Ice Magic
 + Level 1.0 Air Magic
 + Level 1.0 Earth Magic
 + Level 1.0 Poison Magic
 + Level 1.4 Invocations
 + Level 1.3 Evocations


You had 5 spell levels left.
You knew the following spells:

 Your Spells              Type           Power      Damage    Failure   Level
a - Slow                  Hex            56%        N/A       3%          1
b - Freeze                Ice            24%        1d5       11%         1
c - Mephitic Cloud        Conj/Pois/Air  6%         N/A       32%         3
d - Ignite Poison         Fire/Tmut/Pois 6%         N/A       32%         3

Your spell library contained the following spells:

 Spells                   Type           Power      Damage    Failure   Level
 Beastly Appendage        Tmut           12%        N/A       11%         1
 Wereblood                Tmut           6%         N/A       17%         2
 Inner Flame              Hex/Fire       10%        N/A       19%         3
 Frozen Ramparts          Ice            12%        1d2       32%         3
 Spider Form              Tmut/Pois      6%         N/A       32%         3
 Hailstorm                Conj/Ice       6%         3d4       73%         4
 Freezing Cloud           Conj/Ice/Air   3%         6-21      97%         5


Dungeon Overview and Level Annotations

Branches:
Dungeon (3/15)

Altars:


Innate Abilities, Weirdness & Mutations

You have very sharp teeth.
Your uncanny sense of smell can sniff out nearby items.
Your experience applies equally to all skills.


Message History

Casting: Freeze (safe; 11% risk of failure)
Confirm with . or Enter, or press ? or * to list all spells.
Aiming: Freeze (safe; 11% risk of failure)
Press: ? - help, Shift-Dir - straight line, f/p - wight
Aim: a wight, wielding a +4 war axe and wearing a +0 robe (moderately damaged)
You freeze the wight but do no damage.
The wight completely resists.
The wight barely misses you.
Casting: Freeze (safe; 11% risk of failure)
Confirm with . or Enter, or press ? or * to list all spells.
Aiming: Freeze (safe; 11% risk of failure)
Press: ? - help, Shift-Dir - straight line, f/p - wight
Aim: a wight, wielding a +4 war axe and wearing a +0 robe (moderately damaged)
You freeze the wight but do no damage.
The wight completely resists.
The wight hits you with a +4 war axe!
You closely miss the wight.
The wight is moderately damaged.
The wight barely misses you.
You barely miss the wight. Your punch misses the wight.
The wight is moderately damaged.
The wight hits you with a +4 war axe.
You closely miss the wight.
The wight is moderately damaged.
The wight hits you with a +4 war axe!
You feel drained.
* * * LOW HITPOINT WARNING * * *
Your magical contamination has completely faded away.
As you read the scroll labelled DUTULO DUUSERI, it crumbles to dust.
It is a scroll of identify.
q - 2 potions of curing The wight closely misses you.
The wight attacks as you move away! The wight misses you.
A wight comes into view.
It is wielding a +0 halberd of distortion.
The wight attacks as you move away! The wight hits you with a +4 war axe.
* * * LOW HITPOINT WARNING * * *
A wight comes into view. It is wielding a +2 battleaxe.
The wight attacks as you move away! The wight closely misses you.
There is an open door here.
The wight attacks as you move away! The wight hits you with a +4 war axe!
* * * LOW HITPOINT WARNING * * *
You feel drained.
You die...

.... #..###'##
#....##..#....#
#........#....#
#........#....#
#....##'##....#
#....#.z......#
#....#........#
+....#....#####
#....@z...#
#....#....#
#....######
##.....#
#......#
#......#
##..#### ###


You could see 2 wights.

Vanquished Creatures
  3 gnolls (D:2)
  2 adders (D:2)
  2 dart slugs
  4 orcs (D:3)
  2 bats
  5 endoplasms
  3 giant cockroaches (D:2)
  4 goblins
  3 hobgoblins
  3 jackals
  A quokka (D:2)
  4 ball pythons
  5 frilled lizards
  4 kobolds
  9 rats
54 creatures vanquished.

Notes
Turn   | Place    | Note
-------+----------+-------------------------------------------
     0 | D:1      | StoopidFlanders the Gnoll Wanderer began the quest for the
                  | Orb.
     0 | D:1      | StoopidFlanders set off with the following items: a +1
                  | dagger, 2 atropa-tipped darts, a datura-tipped dart, a
                  | potion of berserk rage, a +0 robe; and the following spell
                  | memorised: Slow; and the following spells available to
                  | memorise: Inner Flame.
     0 | D:1      | Reached XP level 1. HP: 20/20 MP: 6/6
   264 | D:1      | Reached XP level 2. HP: 26/26 MP: 7/7
   872 | D:2      | Reached skill level 5 in Spellcasting
   872 | D:2      | Reached XP level 3. HP: 25/31 MP: 7/9
  1437 | D:2      | Reached skill level 1 in Invocations
  1446 | D:2      | Reached skill level 1 in Short Blades
  1446 | D:2      | Reached skill level 1 in Long Blades
  1446 | D:2      | Reached skill level 1 in Axes
  1446 | D:2      | Reached skill level 1 in Maces & Flails
  1446 | D:2      | Reached skill level 1 in Polearms
  1446 | D:2      | Reached skill level 1 in Staves
  1446 | D:2      | Reached skill level 1 in Ranged Weapons
  1446 | D:2      | Reached skill level 1 in Throwing
  1446 | D:2      | Reached skill level 1 in Armour
  1446 | D:2      | Reached skill level 1 in Dodging
  1446 | D:2      | Reached skill level 1 in Shields
  1446 | D:2      | Reached skill level 1 in Unarmed Combat
  1446 | D:2      | Reached skill level 1 in Evocations
  1507 | D:2      | Reached XP level 4. HP: 7/38 MP: 11/11
  2271 | D:2      | Learned a level 1 spell: Freeze
  2468 | D:2      | Reached skill level 1 in Conjurations
  2468 | D:2      | Reached skill level 1 in Summonings
  2468 | D:2      | Reached skill level 1 in Necromancy
  2468 | D:2      | Reached skill level 1 in Translocations
  2468 | D:2      | Reached skill level 1 in Transmutations
  2468 | D:2      | Reached skill level 1 in Fire Magic
  2468 | D:2      | Reached skill level 1 in Ice Magic
  2468 | D:2      | Reached skill level 1 in Air Magic
  2468 | D:2      | Reached skill level 1 in Earth Magic
  2468 | D:2      | Reached skill level 1 in Poison Magic
  2517 | D:2      | Learned a level 3 spell: Mephitic Cloud
  2521 | D:2      | Learned a level 3 spell: Ignite Poison
  2926 | D:3      | Noticed a black bear
  3447 | D:3      | You fall into a shaft and drop 3 floors!
  3456 | D:6      | Noticed a black bear
  3517 | D:6      | HP: 1/37 [wight/+4 war axe (7)]
  3517 | D:6      | Slain by a wight

Illustrated notes

Levels and vault maps discovered:
D:1:      spicycebolla_arrival_ecumenical, layout_loops_ring
D:2:      layout_basic
D:3:      layout_loops_cross, serial_aquarium, aquarium_bridge_square
          [aquarium_subvault_bridge, aquarium_subvault_bridge,
          aquarium_subvault_window, aquarium_subvault_window],
          aquarium_bridge_square [aquarium_subvault_window,
          aquarium_subvault_bridge, aquarium_subvault_bridge,
          aquarium_subvault_wall], aquarium_window_1, aquarium_window_fake,
          aquarium_view_2d, aquarium_balcony_3a, aquarium_pool_five, st_stairs_6
D:6:      layout_gridville, mainiacjoe_overflow_paths,
          nicolae_qazlal_eye_of_the_storm, nrook_pool_corridor

Skill      XL: |  1  2  3  4 |
---------------+-------------+-----
Spellcasting   | 5 |  5.1
Invocations    | 1 |  1.4
Short Blades   | 1 |  1.3
Long Blades    | 1 |  1.3
Axes           | 1 |  1.3
Maces & Flails | 1 |  1.3
Polearms       | 1 |  1.3
Staves         | 1 |  1.3
Ranged Weapons | 1 |  1.3
Throwing       | 1 |  1.3
Armour         | 1 |  1.3
Dodging        | 1 |  1.3
Shields        | 1 |  1.3
Unarmed Combat | 1 |  1.3
Evocations     | 1 |  1.3
Conjurations   | 1 |  1.0
Summonings     | 1 |  1.0
Necromancy     | 1 |  1.0
Translocations | 1 |  1.0
Transmutations | 1 |  1.0
Fire Magic     | 1 |  1.0
Ice Magic      | 1 |  1.0
Air Magic      | 1 |  1.0
Earth Magic    | 1 |  1.0
Poison Magic   | 1 |  1.0
Fighting       | |  4.7
Stealth        | |  7.9
Hexes          | |  3.9

Action                   |  1- 3 |  4- 6 || total
-------------------------+-------+-------++-------
Melee: Dagger            |    68 |       ||    68
       Bite              |     6 |     3 ||     9
       Punch             |     1 |       ||     1
       Flail             |     2 |    55 ||    57
Throw: Dart              |    18 |       ||    18
 Cast: Slow              |     7 |     6 ||    13
       Freeze            |       |    21 ||    21
       Mephitic Cloud    |       |     1 ||     1
  Use: Scroll            |       |     1 ||     1
 Stab: Sleeping          |    18 |     4 ||    22
Armor: Robe              |     6 |    17 ||    23
Dodge: Dodged            |    24 |    53 ||    77
